 Dungeon Crawl Stone Soup version 0.29.1-12-g30fa7ad0bf (webtiles) character file.

Game seed: 12902313882962553283

364 styxcanada the Covert (level 6, -2/30 HPs)
             Began as a Spriggan Brigand on Dec 22, 2022.
             Slain by Duvessa
             ... wielding a +2 short sword of venom
              (10 damage)
             ... on level 5 of the Dungeon.
             The game lasted 00:11:03 (2170 turns).

styxcanada the Covert (Spriggan Brigand)            Turns: 2170, Time: 00:11:03

Health: -2/30      AC:  3    Str:  7    XL:     6   Next: 39%
Magic:  7/7        EV: 17    Int: 13    God:
Gold:   70         SH:  0    Dex: 18    Spells: 5/5 levels left

rFire   . . .      SeeInvis +   a - +2 dagger
rCold   . . .      Faith    .   (no shield)
rNeg    . . .      Spirit   .   b - +0 robe
rPois   .          Reflect  .   (helmet restricted)
rElec   .          Harm     .   c - +0 cloak
rCorr   .          Rampage  .   (gloves unavailable)
Will    +....                   (boots unavailable)
Stlth   ++++......              (no amulet)
HPRegen 0.10/turn               (no ring)
MPRegen 0.10/turn               (no ring)

@: very quick
A: very small, no large weapons, unfitting armour, see invisible, speed 3
a: no special abilities


You were on level 5 of the Dungeon.
You visited 1 branch of the dungeon, and saw 5 of its levels.

You collected 70 gold pieces.

Inventory:

Hand Weapons
 a - a +2 dagger (weapon)
 f - a +2 dagger of holy wrath
Missiles
 d - 4 poisoned darts
 e - a curare-tipped dart (quivered)
 g - 40 stones
Armour
 b - a +0 robe (worn)
 c - a +0 cloak (worn)
Scrolls
 h - a scroll of immolation
 i - 3 scrolls of teleportation
 k - a scroll of enchant armour {unknown}
 l - 4 scrolls of fear
 m - a scroll of silence {unknown}
 p - a scroll of identify {unknown}
Potions
 j - a potion of ambrosia {unknown}
 n - a potion of mutation {unknown}
 o - a potion of lignification {unknown}


   Skills:
 + Level 2.0 Fighting
 + Level 3.9 Short Blades
 + Level 3.3 Throwing
 + Level 2.5 Dodging
 + Level 9.2 Stealth


You had 5 spell levels left.
You didn't know any spells.
Your spell library was empty.

Dungeon Overview and Level Annotations

Branches:
Dungeon (6/15)
 Temple: D:4-7

Altars:
Xom

Shops:
D:3 :

Annotations:
D:5 Blork the orc, Dowan, Duvessa


Innate Abilities, Weirdness & Mutations

You are very small and have problems with some larger weapons.
You are too small for most types of armour.
You have supernaturally acute eyesight. (SInv)
You cover ground extremely quickly. (Speed+++)


Message History

Aim: a scorpion (lightly wounded, 63% to hit)
You throw a curare-tipped dart.
The curare-tipped dart closely misses the scorpion.
Throw: dart (curare)
Press: ? - help, Q - select action, (/) - cycle Shift-Dir - straight line, f/p - scorpion
Aim: a scorpion (lightly wounded, 63% to hit)
You throw a curare-tipped dart.
The curare-tipped dart hits the scorpion.
The scorpion is poisoned.
The scorpion convulses.
The scorpion seems to slow down.
The scorpion is heavily wounded.
Blork the orc comes into view.
He is wielding a +0 trident and wearing a +1 robe of willpower.
Blork the orc shouts!
You kill the scorpion!
An orc comes into view. It is wielding a +0 mace.
Blork the orc gestures wildly while chanting.
Blork the orc seems to speed up.
An orc comes into view. It is wielding a +0 short sword.
An orc priest comes into view. It is wielding a +0 short sword.
Duvessa shouts!
You hear a shout!
You see here a curare-tipped dart.
e - a curare-tipped dart An orc comes into view.
It is wielding a +0 whip.
Blork the orc gestures at you while chanting.
The puff of flame hits you!
The orc priest looks braver for a moment.
Dowan shouts!
The orc shouts!
Blork the orc gestures at you while chanting.
The magic dart hits you!
Dowan says, "Stay away from my face!"
Dowan casts a spell at Duvessa.
Duvessa seems to speed up.
Blork the orc closely misses you.
Dowan says, "Stay away from my face!"
You open the door. Blork the orc completely misses you.
Blork the orc hits you from afar with a +0 trident.
* * * LOW HITPOINT WARNING * * *
There is an open door here.
Duvessa hits you with a +2 short sword of venom!
You die...

#....>....#####
#...#.........#...#
#...#.........'...#
#...+.........#...# #
#...#.........#...# #..
#...#.........#...'
.......#...##...#.........#####
.......#........#..............
..o....#......@.#..............
.......#...####e#..............
#......# #...................
#.....o#####l....##+######.....
#.....o.o........# #.....
+........o.......# #.....
#.........e......+ #.....
#................####+####
+.........................


You could see Duvessa (fast).

Vanquished Creatures
  A wraith (D:6)
  A scorpion (D:5)
  A hound (D:6)
  3 gnolls (D:2)
  5 adders
  3 worms
  A dart slug (D:2)
  3 ball pythons
  5 bats
  5 endoplasms
  2 giant cockroaches
  5 goblins
  5 hobgoblins
  2 quokkas (D:1)
  2 frilled lizards
  5 kobolds
  7 rats
56 creatures vanquished.

Notes
Turn   | Place    | Note
-------+----------+-------------------------------------------
     0 | D:1      | styxcanada the Spriggan Brigand began the quest for the
                  | Orb.
     0 | D:1      | Reached XP level 1. HP: 10/10 MP: 2/2
    74 | D:1      | Reached skill level 6 in Stealth
   336 | D:1      | Reached XP level 2. HP: 11/14 MP: 3/3
   842 | D:2      | Reached skill level 7 in Stealth
   842 | D:2      | Reached XP level 3. HP: 15/18 MP: 4/4
  1179 | D:2      | Reached XP level 4. HP: 23/23 MP: 5/5
  1693 | D:2      | Found a shimmering altar of Xom.
  1820 | D:3      | Reached skill level 8 in Stealth
  1874 | D:3      | Found Vantul's Book Emporium.
  2015 | D:3      | You fall into a shaft and drop 3 floors!
  2047 | D:6      | Noticed a wraith
  2050 | D:6      | Killed a wraith
  2051 | D:6      | Reached XP level 5. HP: 25/26 MP: 6/6
  2051 | D:6      | Reached XP level 6. HP: 29/30 MP: 7/7
  2055 | D:6      | Reached skill level 9 in Stealth
  2063 | D:6      | Noticed a steam dragon
  2100 | D:5      | Entered Level 5 of the Dungeon
  2131 | D:5      | Noticed Duvessa
  2131 | D:5      | Noticed Dowan
  2140 | D:5      | Noticed Blork the orc
  2170 | D:5      | Slain by Duvessa

Illustrated notes

Levels and vault maps discovered:
D:1:      amcnicky_arrival_blooded_trapdoor, layout_loops_cross,
          grunt_decor_mini_mirrors
D:2:      layout_basic, basic_altar
D:3:      cheibrodos_pilgrimage, layout_basic, serial_shops, nicolae_square_shop
D:5:      layout_gridville, amcnicky_altar_gilded,
          minmay_temple_entry_overgrown, minmay_joined_circles, uniq_duvessa,
          uniq_blork_the_orc
D:6:      layout_rooms, biasface_ghost_orc_armoury, gup_sewer_entry_pipe,
          nicolae_shop_self_help, uniq_crazy_yiuf_cottage

Skill      XL: |  1  2  3  4  5  6 |
---------------+-------------------+-----
Stealth        | 6 7 8 9 |  9.2
Short Blades   | 3 |  3.9
Dodging        | 2 |  2.5
Fighting       | 2 |  2.0
Throwing       | 3 |  3.3

Action                   |  1- 3 |  4- 6 || total
-------------------------+-------+-------++-------
Melee: Dagger            |    50 |    56 ||   106
       Punch             |     1 |       ||     1
Throw: Dart              |    14 |    20 ||    34
  Use: Scroll            |       |     5 ||     5
 Stab: Sleeping          |     9 |    10 ||    19
       Distracted        |     1 |       ||     1
Armor: Robe              |     7 |     6 ||    13
Dodge: Dodged            |    29 |    34 ||    63
